 Dungeon Crawl Stone Soup version 0.27.0-1-g7a089689b8 (webtiles) character file.

Game seed: 2177775947557358092

51 Descartes the Shield-Bearer (level 3, -6/19 HPs)
             Began as a Vine Stalker Fighter on Aug 15, 2021.
             Killed from afar by a white imp (8 damage)
             ... with a puff of frost
             ... summoned by Natasha
             ... on level 1 of the Dungeon.
             The game lasted 00:01:54 (951 turns).

Descartes the Shield-Bearer (Vine Stalker Fighter)   Turns: 951, Time: 00:01:56

Health: -6/19      AC:  6    Str: 18    XL:     3   Next: 83%
Magic:  0/4        EV:  7    Int:  8    God:
Gold:   56         SH:  9    Dex: 14    Spells: 2/2 levels left

rFire    . . .     SeeInvis .   a - +0 war axe
rCold    . . .     Faith    .   c - +0 kite shield
rNeg     . . .     Spirit   +   b - +0 scale mail
rPois    .         Reflect  .   (no helmet)
rElec    .         Harm     .   (no cloak)
rCorr    .         Rampage  .   (no gloves)
Will     .....                  (no boots)
Stlth    ..........             (no amulet)
HPRegen  0.06/turn              (no ring)
MPRegen  0.09/turn              (no ring)

@: no status effects
A: fangs 2, magic shield, antimagic bite, no potion heal 2
a: no special abilities


You were on level 1 of the Dungeon.
You visited 1 branch of the dungeon, and saw 2 of its levels.

You collected 56 gold pieces.

Inventory:

Hand Weapons
 a - a +0 war axe (weapon)
 f - a +0 hunting sling
Missiles
 g - 31 stones (quivered)
 k - 19 arrows
Armour
 b - a +0 scale mail (worn)
 c - a +0 kite shield (worn)
Potions
 d - a potion of might
 e - a potion of ambrosia {unknown}
 h - a potion of haste {unknown}
 i - a potion of magic {unknown}
 j - 2 potions of heal wounds {unknown}


   Skills:
 - Level 2.6 Fighting
 - Level 1.7 Axes
 - Level 2.4 Armour
 + Level 4.2 Shields


You had 2 spell levels left.
You didn't know any spells.
Your spell library contained the following spells:

 Spells                   Type           Power      Damage    Failure   Level
 Freezing Cloud           Conj/Ice/Air   0%         6-21      100%        5
 Simulacrum               Ice/Necr       0%         N/A       100%        6
 Polar Vortex             Ice            0%         N/A       100%        9


Dungeon Overview and Level Annotations

Branches:
Dungeon (2/15)

Altars:

Annotations:
D:1 Natasha


Innate Abilities, Weirdness & Mutations

You have extremely sharp teeth.
When hurt, damage is shared between your health and your magic reserves.
Your bite disrupts and absorbs the magic of your enemies.
Potions cannot restore your health.


Message History

Your bite misses Natasha.
Natasha is lightly wounded.
You hit the jackal. You slash the ball python!
You kill the ball python!
You slash the kobold!
You kill the kobold!
The jackal bites you but does no damage.
Natasha claws you but does no damage. You block the jackal's attack.
Natasha claws you but does no damage. Natasha casts a spell at you.
The magic dart hits you!
The jackal bites you but does no damage.
You block the jackal's attack.
There is a stone staircase leading up here.
You barely miss the jackal. Your bite misses the jackal.
The jackal is heavily wounded.
The jackal bites you but does no damage.
Natasha extends her claws.
Natasha closely misses you. The jackal barely misses you.
You hit the jackal.
You kill the jackal!
You hit Natasha. The bat hits you but does no damage.
Natasha mumbles some strange words.
You feel troubled. Natasha claws you but does no damage.
Natasha barely misses you. You block the bat's attack.
Natasha claws you but does no damage.
You climb upwards.
There is a stone staircase leading down here.
You slash the bat!
You kill the bat!
You barely miss Natasha. Natasha claws you.
Natasha casts a spell.
You miss Natasha. You bite Natasha.
Natasha's magic leaks into the air.
You drain her magic.
You feel invigorated.
Natasha is moderately wounded.
You hit the white imp. Natasha claws you!
* * * LOW HITPOINT WARNING * * *
The white imp gestures at you. The puff of frost hits you!
You die...

##.##........)........
###.##.######.##..8....
#......######.##.......
#......#......###...#..
#......###....# #.....#
#......# #.##.# #...###
#......###.##.###...#
#####†.5............#
#h@####.......### ####
#.......# #)......#
#.......# #.......#
#.......# #.....†.#
#.......# #.......#


You could see Natasha and a white imp (summoned).

Vanquished Creatures
  4 bats (D:1)
  An endoplasm (D:1)
  2 giant cockroaches (D:1)
  7 goblins (D:1)
  2 hobgoblins (D:1)
  10 jackals
  5 kobolds
  3 quokkas (D:1)
  6 ball pythons
  3 frilled lizards (D:1)
  2 rats (D:1)
45 creatures vanquished.

Notes
Turn   | Place    | Note
-------+----------+-------------------------------------------
     0 | D:1      | Descartes the Vine Stalker Fighter began the quest for the
                  | Orb.
     0 | D:1      | Reached XP level 1. HP: 11/11 MP: 2/2
    67 | D:1      | Reached skill level 3 in Shields
   164 | D:1      | Reached XP level 2. HP: 16/16 MP: 3/3
   498 | D:1      | Reached XP level 3. HP: 18/19 MP: 2/4
   552 | D:1      | Reached skill level 4 in Shields
   937 | D:2      | Noticed Natasha
   951 | D:1      | Killed from afar by a white imp

Illustrated notes

Levels and vault maps discovered:
D:1:      nicolae_arrival_memento_mori, layout_basic, st_stairs_1
D:2:      layout_basic, basic_altar, serial_bayou_pond_c, uniq_natasha

Skill      XL: |  1  2  3 |
---------------+----------+-----
Shields        | 3 4 |  4.2
Fighting       | |  2.6
Axes           | |  1.7
Armour         | |  2.4

Action                   || total
-------------------------++-------
Melee: War axe           ||    84
       Bite              ||    13
Armor: Scale mail        ||    43
Dodge: Dodged            ||    29
Block: Kite shield       ||    49
